 Dungeon Crawl Stone Soup version 0.14-a0-3445-g2afddda (webtiles) character file.

5453 MrRokkomies the Grappler (level 10, -10/71 HPs)
             Began as a White Draconian Transmuter on Mar 22, 2014.
             Was an Initiate of Ashenzari.
             Mangled by an orc warrior
             ... wielding a +2,+2 flail
              (12 damage)
             ... on Level 8 of the Dungeon on Mar 23, 2014.
             The game lasted 00:39:37 (9703 turns).

MrRokkomies the Grappler (DrTm)                     Turns: 9703, Time: 00:39:38

HP -10/71        AC 11     Str 13      XL: 10   Next: 30%
MP  12/16        EV 16     Int 16      God: Ashenzari [......]
Gold 436         SH  0     Dex 12      Spells:  3 memorised,  4 levels left

rFire  . . .     SeeInvis .       - Unarmed
rCold  + . .     Clarity  .     (armour unavailable)
rNeg   . . .     Conserve .     (shield currently unavailable)
rPois  .         rCorr    .     R - +1 hat (curse)
rElec  .         rRot     .     (no cloak)
SustAb . .       Spirit   .     e - melded +1 pair of gloves
rMut   .         Warding  .     (no boots)
Saprov . . .     Stasis   .     (no amulet)
MR     .....                    o - cursed ring of wizardry
                                r - +3 ring of protection

@: blade hands, not resistant to hostile enchantments, unstealthy
A: breathe frost, unfitting armour, cold resistance 1, AC +7
a: Breathe Frost, End Transformation, Renounce Religion


You were on level 8 of the Dungeon.
You worshipped Ashenzari.
Ashenzari was noncommittal.
You were hungry.
Your hands were blades.
You visited 2 branches of the dungeon, and saw 10 of its levels.

You collected 436 gold pieces.

Inventory:

Hand weapons
 v - a +1 blowgun
 z - a +1,+2 dagger of venom
 H - a +2,+0 dagger of draining
 I - a +0,+0 bow
 J - the +3,+6 demon whip "Spellbinder" {antimagic, MR+}
   (You found it on level 7 of the Dungeon)

   It disrupts the flow of magical energy around spellcasters and certain
   magical creatures (including the wielder).
   It affects your resistance to hostile enchantments.
Missiles
 b - 27 arrows
 f - 9 poisoned needles
 g - 7 darts of frost
 n - 3 steel tomahawks (quivered)
 w - 7 curare-tipped needles
 K - 9 exploding darts
 N - 4 poisoned darts
Armour
 e - a +1 pair of gloves (melded)
 E - a +2 shield
 R - a cursed +1 hat (worn)
Magical devices
 x - a wand of frost (7)
 D - a wand of cold (4)
 P - a wand of flame (7)
Comestibles
 a - 4 bread rations
 m - 5 meat rations
 Q - a chunk of bat flesh
Scrolls
 k - 3 scrolls of blinking
 p - 4 scrolls of teleportation
 u - 3 scrolls of recharging
 y - 2 scrolls of enchant weapon II
 B - 2 scrolls of magic mapping
 L - 3 scrolls of curse armour
 M - a scroll of identify
Jewellery
 h - an uncursed amulet of faith
 j - an uncursed ring of see invisible
 l - an uncursed ring of positive energy
 o - a cursed ring of wizardry (right scythe-like blade)
 q - an uncursed ring of protection from magic
 r - a +3 ring of protection (left scythe-like blade)
 F - an uncursed ring of poison resistance
 S - an uncursed ring of protection from fire
Potions
 c - a potion of agility
 i - a potion of curing
 s - a potion of resistance
 t - 2 potions of haste
 A - 4 potions of brilliance
 C - a potion of berserk rage
 G - 2 potions of invisibility
Books
 d - a book of Changes

   Spells                             Type                      Level
   *Beastly Appendage                 Transmutation                1
   Sticks to Snakes                   Transmutation                2
   *Spider Form                       Transmutation/Poison         3
   Ice Form                           Ice/Transmutation            4
   *Blade Hands                       Transmutation                5
 O - a book of Maledictions

   Spells                             Type                      Level
   Corona                             Hexes                        1
   Sure Blade                         Hexes/Charms                 2
   Ensorcelled Hibernation            Hexes/Ice                    2
   Confuse                            Hexes                        3
   Enslavement                        Hexes                        4
   Invisibility                       Hexes                        6


   Skills:
 - Level 1.1 Fighting
 - Level 8.2 Dodging
 + Level 11.2 Unarmed Combat
 - Level 2.0 Spellcasting
 * Level 6.5 Transmutations


You had 4 spell levels left.
You knew the following spells:

 Your Spells              Type           Power        Failure   Level  Hunger
a - Beastly Appendage     Trmt           ###...       7%          1    #......
b - Spider Form           Trmt/Pois      ##........   28%         3    ####...
c - Blade Hands           Trmt           ###.......   45%         5    ######.


Dungeon Overview and Level Annotations

Branches:
Dungeon (9/15)             Temple (1/1) D:4
    Orc: D:9-12        Lair: D:8-11

Altars:
Ashenzari
Dithmenos
Makhleb
Okawaru
Trog
Xom
The Shining One

Annotations:
D:6 1 exclusion


Innate Abilities, Weirdness & Mutations

You can breathe waves of freezing cold.*
You can buffet flying creatures when you breathe cold.*
Your icy white scales are hard (AC +7).*
Your body does not fit into most forms of armour.
Your cold-blooded metabolism reacts poorly to cold.
Your flesh is cold resistant.*


Message History

The orc warrior hits you with an uncursed flail.
* * * LOW HITPOINT WARNING * * *
You hit the orc warrior. Your punch misses the orc warrior.
The orc warrior is lightly wounded.
The orc warrior barely misses you.
You hit the orc warrior but do no damage.
The orc warrior is lightly wounded.
You hit the orc warrior but do no damage.
You slash the orc warrior, but do no damage.
The orc warrior is lightly wounded.
The orc warrior closely misses you.
You slice the orc warrior!!
Your tail-slap misses the orc warrior.
The orc warrior is heavily wounded.
The orc warrior hits you but does no damage.
You hit the orc warrior but do no damage.
The orc warrior is heavily wounded.
You slash the orc warrior! Your punch misses the orc warrior.
The orc warrior is almost dead.
The orc warrior hits you with an uncursed flail!
You die...

##.####.#.#...#.#.#.# #.......#
...).#..#.#######.### #.......#
...)...##.#.....#...####....^..#
.....####.#.###.###.'..#.......#
.....# #.#...#...#>##)#.......#
.....# #.###.###.#o##.).......#
.....# #.....#.#...####.......#
.)...# #######.###)# ####'####
#.#### #.......@o..# #.# #.#
####'######## ##.# #.# #.# #..#
#.# #.## #.## #.# #..# #)# ..#
####.#### #.# >## #..<....# #.#
..#### #.......# #.# .....#
#.......#########.######


You could see an orc warrior.

Vanquished Creatures
  4 yaks (D:8)
  A sky beast (D:6)
  5 orc warriors
  A black bear (D:7)
  3 ogres (D:8)
  3 phantoms
  A big kobold (D:7)
  A gnoll sergeant (D:5)
  6 giant frogs
  2 centaurs (D:6)
  6 killer bees (D:8)
  4 scorpions
  10 wights
  2 crimson imps
  A goliath beetle (D:8)
  3 iguanas
  3 hounds
  3 jellies (D:7)
  A two-headed ogre skeleton (D:7)
  A giant frog zombie (D:6)
  A centaur skeleton (D:5)
  4 orc priests
  12 orc wizards
  8 worker ants
  An ogre zombie (D:5)
  A big kobold skeleton (D:7)
  A mummy (D:7)
  14 adders
  12 gnolls
  3 shadow imps
  An inept feature mimic (D:5)
  5 worms
  2 giant mites
  An iguana skeleton (D:9)
  3 adder skeletons
  2 giant eyeballs (D:4)
  5 giant geckos
  3 oozes
  32 orcs
  10 bats
  7 giant cockroaches
  19 hobgoblins
  16 jackals
  9 kobolds
  A ball python (D:8)
  2 giant newts
  A giant spore (D:8)
  8 goblins
  4 quokkas
  15 rats
  2 ballistomycetes (D:8)
266 creatures vanquished.

Vanquished Creatures (collateral kills)
  Eustachio (D:7)
1 creature vanquished.

Vanquished Creatures (others)
  An eldritch tentacle (D:7)
  A kobold (D:8)
  81 eldritch tentacle segments (D:7)
83 creatures vanquished.

Grand Total: 350 creatures vanquished

Notes
Turn   | Place    | Note
--------------------------------------------------------------
     0 | D:1      | MrRokkomies, the Draconian Transmuter, began the quest for the Orb.
     0 | D:1      | Reached XP level 1. HP: 16/16 MP: 3/3
   147 | D:1      | Reached XP level 2. HP: 12/23 MP: 4/4
  1084 | D:1      | Reached XP level 3. HP: 24/28 MP: 6/6
  1188 | D:2      | Reached skill level 4 in Unarmed Combat
  1541 | D:2      | Reached XP level 4. HP: 31/35 MP: 5/7
  2063 | D:3      | Learned a level 3 spell: Spider Form
  2423 | D:3      | Reached skill level 5 in Unarmed Combat
  2622 | D:3      | Reached XP level 5. HP: 26/40 MP: 5/9
  2651 | D:4      | Paralysed by a giant eyeball for 4 turns
  3228 | D:4      | Paralysed by a giant eyeball for 3 turns
  3492 | D:4      | Found a staircase to the Ecumenical Temple.
  3510 | D:4      | Reached XP level 6. HP: 39/47 MP: 8/10
  3769 | D:5      | Entered Level 5 of the Dungeon
  3966 | D:5      | Reached skill level 6 in Unarmed Combat
  4224 | D:5      | Your scales start taking on an icy white colour.
  4224 | D:5      | Gained mutation: Your flesh is cold resistant. [draconian maturity]
  4224 | D:5      | Reached XP level 7. HP: 47/52 MP: 8/12
  4519 | Temple   | Entered the Ecumenical Temple
  4523 | Temple   | Became a worshipper of Ashenzari the Shackled
  4982 | D:6      | Reached skill level 7 in Unarmed Combat
  5229 | D:6      | Reached skill level 5 in Dodging
  5229 | D:6      | Reached XP level 8. HP: 22/59 MP: 9/13
  5732 | D:6      | Reached skill level 8 in Unarmed Combat
  5992 | D:6      | Reached XP level 9. HP: 19/64 MP: 7/14
  6213 | D:6      | Found an iron altar of Okawaru.
  6507 | D:7      | Noticed Eustachio
  6520 | D:7      | Killed Eustachio
  6554 | D:7      | Killed an eldritch tentacle
  6687 | D:7      | Learned a level 5 spell: Blade Hands
  6693 | D:7      | Found a burning altar of Makhleb.
  7321 | D:7      | Reached skill level 9 in Unarmed Combat
  7650 | D:8      | Reached skill level 5 in Transmutations
  7663 | D:8      | Reached skill level 10 in Unarmed Combat
  8113 | D:8      | Reached XP level 10. HP: 33/71 MP: 14/16
  9000 | D:8      | Reached skill level 11 in Unarmed Combat
  9537 | D:9      | Upgraded the game from 0.14-a0-3424-g5348755 to 0.14-a0-3445-g2afddda
  9696 | D:8      | HP: 3/71 [orc warrior/uncursed flail (12)]
  9697 | D:8      | HP: 1/71 [orc warrior/uncursed flail (2)]
  9703 | D:8      | Mangled by an orc warrior

Action                   |  1- 3 |  4- 6 |  7- 9 | 10-12 || total
-------------------------+-------+-------+-------+-------++-------
Melee: Unarmed           |   164 |   306 |   565 |   140 ||  1175
       Demon whip        |       |       |    11 |       ||    11
 Fire: Blowgun           |       |     2 |     8 |    13 ||    23
Throw: Dart              |    12 |    20 |       |       ||    32
       Tomahawk          |       |       |     4 |       ||     4
 Cast: Beastly Appendage |    10 |    16 |    18 |     1 ||    45
       Spider Form       |       |     3 |    14 |     5 ||    22
       Blade Hands       |       |       |       |     2 ||     2
 Abil: Breathe Frost     |       |       |     3 |       ||     3
       End Transformatio |       |       |       |     1 ||     1
Evoke: Wand              |       |       |     4 |     1 ||     5
  Use: Scroll            |     4 |     8 |    11 |     2 ||    25
       Potion            |       |     3 |     3 |     1 ||     7
 Stab: Sleeping          |     1 |       |     1 |       ||     2
